 Dungeon Crawl Stone Soup version 0.30.0-29-ga12c61a403 (webtiles) character file.

Game seed: 5083449318108043888

609 LowPressure the Magician (level 7, -1/36 HPs)
             Began as a Deep Elf Ice Elementalist on June 16, 2023.
             Slain by a water moccasin zombie (4 damage)
             ... on level 5 of the Dungeon.
             The game lasted 00:15:44 (4588 turns).

LowPressure the Magician (DEIE)                     Turns: 4588, Time: 00:15:45

Health: -1/36      AC:  3    Str: 10 (13) XL:     7   Next: 19%
Magic:  6/19       EV: 13    Int: 19 (20) God:
Gold:   148        SH:  0    Dex: 12 (15) Spells: 11/20 levels left

rFire   . . .        e - +2 dagger (flame)
rCold   . . .        (no shield)
rNeg    . . .        a - +0 robe
rPois   .            (no helmet)
rElec   .            r - +0 cloak
rCorr   .            (no gloves)
SInv    .            (no boots)
Will    .....        (no amulet)
Stlth   ++           c - +6 ring of strength
HPRegen 0.26/turn    (no ring)
MPRegen 0.16/turn

%: no passive effects
@: attractive
A: no striking features
a: no special abilities


You were on level 5 of the Dungeon.
You visited 1 branch of the dungeon, and saw 5 of its levels.

You collected 148 gold pieces.

Inventory:

Hand Weapons
 e - a +2 dagger of flaming (weapon)
 l - a +1 dagger of draining
Armour
 a - a +0 robe (worn)
 r - a +0 cloak (worn)
Jewellery
 c - a +6 ring of strength (left hand)
Wands
 g - a wand of digging (8)
Scrolls
 d - 3 scrolls of identify {unknown}
 f - a scroll of noise {unknown}
 j - a scroll of enchant weapon {unknown}
 m - 2 scrolls of enchant armour {unknown}
 q - a scroll of teleportation {unknown}
 s - a scroll of fog {unknown}
Potions
 b - a potion of magic
 h - a potion of heal wounds {unknown}
 i - 2 potions of lignification {unknown}
 k - a potion of degeneration
 n - a potion of brilliance {unknown}
 o - 2 potions of curing
 p - 3 potions of attraction


   Skills:
 + Level 0.1 Fighting
 + Level 4.1 Dodging
 + Level 3.1 Stealth
 + Level 7.3 Spellcasting
 + Level 6.9 Ice Magic


You had 11 spell levels left.
You knew the following spells:

 Your Spells              Type           Power      Damage    Failure   Level
a - Freeze                Ice            100%       1d10      1%          1
b - Frozen Ramparts       Ice            66%        1d10      1%          3
c - Ozocubu's Armour      Ice            33%        N/A       1%          3
d - Blink                 Tloc           12%        N/A       16%         2

Your spell library contained the following spells:

 Spells                   Type           Power      Damage    Failure   Level
 Lesser Beckoning         Tloc           12%        N/A       16%         2
 Momentum Strike          Conj/Tloc      12%        3d8       16%         2
 Summon Ice Beast         Ice/Summ       20%        N/A       24%         4


Dungeon Overview and Level Annotations

Branches:
Dungeon (5/15)
 Temple: D:4-7

Altars:
Cheibriados
Fedhas
Nemelex Xobeh
Ru

Shops:
D:4 (   D:5 :


Message History

The phantom barely misses you.
You barely miss the phantom.
The phantom is almost destroyed.
The phantom hits you but does no damage.
You closely miss the phantom.
The phantom is almost destroyed.
The phantom barely misses you.
You miss the phantom.
The phantom is almost destroyed.
The phantom hits you.
The phantom blinks!
You blink.
Your icy armour cracks and falls away as you move.
The water moccasin zombie is attracted toward you.
The water moccasin skeleton is attracted toward you.
The water moccasin zombie attacks as you move away!
The water moccasin zombie closely misses you.
The phantom hits you but does no damage.
You closely miss the phantom.
The phantom is almost destroyed.
The water moccasin zombie bites you.
The water moccasin skeleton bites you but does no damage.
The phantom hits you but does no damage.
You hit the phantom. You burn the phantom.
The phantom is almost destroyed.
The water moccasin zombie closely misses you.
The water moccasin skeleton misses you. The phantom hits you.
* * * LOW HITPOINT WARNING * * *
The phantom blinks!
You blink.
The water moccasin zombie barely misses you.
The water moccasin skeleton is attracted toward you.
You feel better. The water moccasin skeleton bites you.
The water moccasin zombie bites you. The phantom hits you.
* * * LOW HITPOINT WARNING * * *
The phantom blinks!
You blink.
It was a potion of degeneration.
There was something very wrong with that liquid.
You feel weakened.
You feel dopey.
You feel clumsy. The water moccasin skeleton bites you.
* * * LOW HITPOINT WARNING * * *
The water moccasin zombie bites you.
You die...

##<.....$.~~.....
......$..~~~.....
#........~..P..#
#............#.#
#..............#
.#######....####
#.....#....####
#.∩.>.#WZZ§...#
#.....#.@.###.#
.#######...# #.#
#........#.###.#
#####..))...#..
#.......#.#.##.
#.#######.#..#..
.. #.# .#.. #.#
#)# .. # #<# .#


You could see a phantom, a water moccasin zombie and a water moccasin skeleton.

Vanquished Creatures
  A phantom (D:3)
  A scorpion (D:4)
  A jelly (D:4)
  4 orc priests
  A hound (D:4)
  A centaur skeleton (D:5)
  Jessica (D:2)
  Natasha (thrice) (D:2)
  2 river rats (D:3)
  2 adders
  An ufetubus (D:4)
  A worm (D:3)
  A dart slug (D:3)
  17 orcs
  7 bats
  7 endoplasms
  7 giant cockroaches
  9 goblins
  4 hobgoblins
  11 jackals
  2 quokkas
  10 ball pythons
  3 frilled lizards
  8 kobolds
  6 rats
111 creatures vanquished.

Notes
Turn   | Place    | Note
-------+----------+-------------------------------------------
     0 | D:1      | LowPressure the Deep Elf Ice Elementalist began the quest
                  | for the Orb.
     0 | D:1      | Reached XP level 1. HP: 10/10 MP: 6/6
   229 | D:1      | Reached XP level 2. HP: 15/15 MP: 6/8
   386 | D:1      | Found a faded altar of an unknown god.
   509 | D:1      | Reached skill level 5 in Ice Magic
  1136 | D:2      | Reached XP level 3. HP: 16/19 MP: 3/9
  1187 | D:2      | Noticed Natasha
  1193 | D:2      | Killed Natasha
  1245 | D:2      | Learned a level 3 spell: Frozen Ramparts
  1249 | D:2      | Learned a level 3 spell: Ozocubu's Armour
  1252 | D:2      | Learned a level 2 spell: Blink
  1292 | D:2      | Identified the +10 sling of Sali {heavy, rC+ rN+ Str+3}
  1362 | D:2      | Reached skill level 4 in Spellcasting
  1496 | D:2      | Noticed Natasha
  1497 | D:2      | Found a blossoming altar of Fedhas.
  1503 | D:2      | Killed Natasha
  1504 | D:2      | Reached XP level 4. HP: 24/24 MP: 7/12
  1547 | D:2      | Noticed Natasha
  1558 | D:2      | Killed Natasha
  1966 | D:2      | Noticed Jessica
  1972 | D:2      | Killed Jessica
  1973 | D:2      | Reached skill level 5 in Spellcasting
  1973 | D:2      | Reached XP level 5. HP: 28/28 MP: 7/14
  2513 | D:3      | Found a sparkling altar of Nemelex Xobeh.
  2688 | D:3      | Reached skill level 6 in Spellcasting
  2951 | D:3      | Reached XP level 6. HP: 32/32 MP: 10/17
  3282 | D:3      | Found a snail-covered altar of Cheibriados.
  4062 | D:4      | Found a sacrificial altar of Ru.
  4226 | D:4      | Reached skill level 7 in Spellcasting
  4355 | D:4      | Found Tonliz's Weapon Emporium.
  4452 | D:5      | Entered Level 5 of the Dungeon
  4460 | D:5      | Reached XP level 7. HP: 36/36 MP: 16/19
  4540 | D:5      | Found Ashur's Book Shop.
  4588 | D:5      | Slain by a water moccasin zombie

Illustrated notes

Levels and vault maps discovered:
D:1:      eino_arrival_cavern_a, layout_basic,
          ebering_ecumenical_altar_sacrificial
D:2:      layout_basic, basic_altar, uniq_jessica, uniq_natasha
D:3:      layout_basic, mainiacjoe_overflow_six_doors_small,
          cheibrodos_worm_habitat, gup_sewer_entry_spiral
D:4:      layout_basic, nicolae_ru_the_path_less_chosen, serial_shops, shop,
          serial_forest, infiniplex_forest_straight_2,
          infiniplex_forest_clump_diagonal, infiniplex_forest_clump_large,
          infiniplex_forest_clump_tiny, infiniplex_forest_corner_2,
          infiniplex_forest_zigzag_1, infiniplex_forest_lined_4_way,
          minmay_pentomino_pile
D:5:      layout_rooms, serial_undead, serial_undead_c, serial_undead_a,
          serial_undead_f, serial_undead_f, nicolae_take_the_stairs

Skill      XL: |  1  2  3  4  5  6  7 |
---------------+----------------------+-----
Ice Magic      | 5 6 |  6.9
Spellcasting   | 4 5 6 7 |  7.3
Dodging        | 3 4 |  4.1
Stealth        | 3 |  3.1
Fighting       | |  0.1

Action                     |  1- 3 |  4- 6 |  7- 9 || total
---------------------------+-------+-------+-------++-------
  Melee: Unarmed           |     1 |       |       ||     1
         Dagger            |     1 |    15 |    12 ||    28
         Punch             |       |     1 |       ||     1
   Cast: Freeze            |    50 |    79 |    16 ||   145
         Frozen Ramparts   |     3 |    21 |     3 ||    27
         Ozocubu's Armour  |       |     1 |     1 ||     2
    Use: Potion            |       |       |     4 ||     4
 Armour: Robe              |     6 |    14 |    20 ||    40
  Dodge: Dodged            |    27 |    52 |    39 ||   118
